 Dungeon Crawl Stone Soup version 0.30-a0-972-gf3ab3527aa (webtiles) character file.

Game seed: 8614865363744612939

2541 Newt the Chopper (level 9, -2/69 HPs)
             Began as a Demonspawn Gladiator on Mar 31, 2023.
             Was an Initiate of Makhleb.
             Killed by divine providence
             ... invoked by an orc priest
              (15 damage)
             ... on level 8 of the Dungeon.
             The game lasted 00:08:59 (5999 turns).

Newt the Chopper (Demonspawn Gladiator)             Turns: 5999, Time: 00:09:00

Health: -2/69      AC: 11    Str: 18    XL:     9   Next: 30%
Magic:  0/9        EV: 13    Int:  9    God:    Makhleb [......]
Gold:   230        SH:  4    Dex: 22    Spells: 8/8 levels left

rFire   . . .      SeeInvis .    C - +2 broad axe (vamp)
rCold   . . .      Faith    .    (no shield)
rNeg    . . .      Spirit   +    t - +0 troll leather armour {Pargi}
rPois   .          Reflect  .    c - +0 helmet
rElec   .          Rampage  .    k - +1 cloak
rCorr   .                        (no gloves)
Will    .....                    A - +2 pair of boots {Fly}
Stlth   ++                       s - amulet of guardian spirit
HPRegen 1.11/turn                y - +6 ring of dexterity
MPRegen 0.11/turn                (no ring)

@: flying
A: demonic guardian 1, condensation shield, demonic touch 2
a: Renounce Religion


You were on level 8 of the Dungeon.
You worshipped Makhleb.
Makhleb was noncommittal.
You visited 2 branches of the dungeon, and saw 9 of its levels.
You also visited: Sewer.

You collected 270 gold pieces.
You spent 40 gold pieces at shops.

Inventory:

Hand Weapons
 a - a +0 rapier
 h - a +2 heavy mace
 w - a +0 whip of electrocution
 C - a +2 vampiric broad axe (weapon)
Missiles
 d - 4 throwing nets
 e - a javelin
 l - 21 poisoned darts (quivered)
 B - 2 curare-tipped darts
Armour
 b - a +0 leather armour
 c - a +0 helmet (worn)
 k - a +1 cloak (worn)
 p - a scarf of shadows
 t - a +0 troll leather armour (worn) {Pargi}
 A - a +2 pair of boots of flying (worn)
Jewellery
 s - an amulet of guardian spirit (around neck)
 y - a +6 ring of dexterity (left hand)
Wands
 x - a wand of mindburst (9)
 G - a wand of charming (9)
 J - a wand of iceblast (5)
Scrolls
 i - 2 scrolls of magic mapping
 q - a scroll of torment
 r - a scroll of blinking
 u - a scroll of fog
 D - 5 scrolls of teleportation
 F - a scroll of poison {unknown}
 H - 2 scrolls of amnesia
 L - a scroll of noise {unknown}
 M - a scroll of enchant armour
Potions
 f - 3 potions of degeneration
 g - 2 potions of heal wounds
 j - a potion of cancellation
 m - 2 potions of lignification {unknown}
 n - a potion of attraction
 o - 2 potions of curing
 v - 2 potions of magic
 z - 2 potions of haste {unknown}
 E - a potion of flight
 I - a potion of berserk rage {unknown}
 K - a potion of ambrosia


   Skills:
 - Level 6.0 Fighting
 - Level 2.6 Short Blades
 + Level 6.6(7.4) Axes
 - Level 5.0(6.6) Maces & Flails
 - Level 4.0 Throwing
 - Level 4.0 Armour
 - Level 2.6 Dodging
 - Level 1.5 Stealth


You had 8 spell levels left.
You didn't know any spells.
Your spell library contained the following spells:

 Spells                   Type           Power      Damage    Failure   Level
 Freeze                   Ice            0%         1d3       43%         1
 Frozen Ramparts          Ice            0%         1d1       82%         3
 Hailstorm                Conj/Ice       0%         3d3       82%         3
 Stone Arrow              Conj/Erth      0%         3d7       82%         3
 Summon Lightning Spire   Summ/Air       0%         N/A       99%         4
 Irradiate                Conj/Tmut      0%         3d11      100%        5
 Summon Hydra             Summ           0%         N/A       100%        7


Dungeon Overview and Level Annotations

Branches:
Dungeon (8/15)             Temple (1/1) D:5           Sewer (visited)
   Lair: D:8-11

Altars:
Ashenzari
Cheibriados
Dithmenos
Fedhas
Gozag
Hepliaklqana
Makhleb
Nemelex Xobeh
Okawaru
Qazlal
Ru
Sif Muna
Trog
Uskayaw
Vehumet
Wu Jian
Xom
Yredelemnul

Shops:
D:3 !   D:6 ?   D:7 =

Annotations:
Temple 2 transporters


Innate Abilities, Weirdness & Mutations

A weak demonic guardian rushes to your aid.
A meltable shield of frost defends you. (SH +4)
Your touch may inflict irresistible damage on your foes.


Message History

The orc warrior barely misses you.
The orc warrior closely misses your iron imp.
Your iron imp barely misses the orc warrior.
The water moccasin bites you but does no damage.
You barely miss the water moccasin.
You touch the water moccasin!
You kill the water moccasin!
Makhleb accepts your kill.
Your iron imp hits the orc warrior.
The orc attacks as you move away! The orc hits you with a +0 morningstar.
* * * LOW HITPOINT WARNING * * *
The orc warrior hits your iron imp but does no damage.
Your iron imp misses the orc warrior.
Unknown command.
The orc attacks as you move away! The orc barely misses you.
The orc attacks as you move away! The orc closely misses you.
You closely miss the orc. You block the orc's attack.
The orc barely misses you.
You barely miss the orc.
You touch the orc!
You kill the orc!
Makhleb accepts your kill.
The orc priest miscasts a cantrip.
You closely miss the orc priest.
The orc priest hits you with a +0 flail!
* * * LOW HITPOINT WARNING * * *
You hit the orc priest.
You feel better.
Your touch misses the orc priest.
The orc priest is moderately wounded.
The orc priest closely misses you.
You hit the orc priest.
You feel better.
The orc priest is severely wounded.
The orc priest hits you with a +0 flail.
* * * LOW HITPOINT WARNING * * *
You hit the orc priest.
You feel better.
The orc priest is almost dead.
The orc priest calls down the wrath of Beogh upon you.
Beogh smites you!
* * * LOW HITPOINT WARNING * * *
A demonic guardian appears!
The orc priest calls down the wrath of Beogh upon you.
Beogh smites you!
You die...

#.........###
#.
#####.#####
#.# #.#
#######.##
#........####
#.###.......+
#5####...####
#@##....##
#o##.#.##
#o##.#.#
#o.)o5.#
####o### #)#
#o# .o. ...


You could see 2 orc priests, an orc and a friendly ufetubus (summoned).

Vanquished Creatures
  Joseph (D:7)
  Grinder (D:6)
  Eustachio (D:6)
  Pargi (Sewer)
  3 ice beasts
  A water moccasin (D:8)
  A sky beast (D:8)
  A phantom (D:5)
  A centaur (D:6)
  A kobold brigand (D:7)
  A bullfrog (D:6)
  5 scorpions
  2 jellies
  An orc priest (D:8)
  3 hounds
  A sleepcap (D:7)
  A gnoll bouda (D:4)
  5 orc wizards
  8 gnolls
  5 adders
  A river rat (D:3)
  A worm (D:2)
  3 dart slugs
  15 orcs
  10 ball pythons
  11 bats
  An endoplasm (D:2)
  7 giant cockroaches
  10 goblins
  14 hobgoblins
  3 jackals (D:2)
  11 kobolds
  5 quokkas
  4 frilled lizards
  10 rats
  A spectral goblin (D:1)
151 creatures vanquished.

Vanquished Creatures (collateral kills)
  A bullfrog (D:6)
  A gnoll sergeant (D:6)
  A river rat (D:3)
  An ufetubus (D:6)
  A quokka (D:3)
5 creatures vanquished.

Grand Total: 156 creatures vanquished

Notes
Turn   | Place    | Note
-------+----------+-------------------------------------------
     0 | D:1      | Newt the Demonspawn Gladiator began the quest for the Orb.
     0 | D:1      | Reached XP level 1. HP: 16/16 MP: 1/1
    32 | D:1      | Reached skill level 1 in Stealth
    96 | D:1      | Gained mutation: A weak demonic guardian rushes to your
                  | aid. [demonic ancestry]
    96 | D:1      | Reached XP level 2. HP: 13/22 MP: 2/2
   390 | D:1      | Found a faded altar of an unknown god.
   841 | D:2      | Gained mutation: Your touch may inflict minor irresistible
                  | damage on your foes. [demonic ancestry]
   841 | D:2      | Reached XP level 3. HP: 21/29 MP: 3/3
  1511 | D:3      | Found Muygassat's Distillery.
  1620 | D:3      | Gained mutation: A meltable shield of frost defends you.
                  | (SH +4) [demonic ancestry]
  1620 | D:3      | Reached XP level 4. HP: 29/37 MP: 4/4
  1656 | D:3      | Found a glowing drain.
  1665 | Sewer    | Entered a sewer
  1896 | Sewer    | Reached skill level 1 in Maces & Flails
  1903 | Sewer    | Noticed Pargi
  1909 | Sewer    | Killed Pargi
  1910 | Sewer    | Reached XP level 5. HP: 27/42 MP: 5/5
  3328 | D:4      | Reached XP level 6. HP: 48/48 MP: 6/6
  3780 | D:5      | Entered Level 5 of the Dungeon
  3788 | D:5      | Reached skill level 5 in Maces & Flails
  3879 | D:5      | Reached XP level 7. HP: 54/54 MP: 7/7
  3929 | D:5      | Found a stormy altar of Qazlal.
  3929 | D:5      | Found a broken altar of Ashenzari.
  3929 | D:5      | Found a hazy altar of Hepliaklqana.
  4270 | D:5      | Found a staircase to the Ecumenical Temple.
  4355 | D:5      | Reached skill level 1 in Axes
  4464 | D:6      | Noticed Grinder
  4472 | D:6      | Killed Grinder
  4473 | D:6      | Gained mutation: Your touch may inflict irresistible damage
                  | on your foes. [demonic ancestry]
  4473 | D:6      | Reached XP level 8. HP: 58/60 MP: 6/8
  4546 | D:6      | Reached skill level 5 in Axes
  4546 | D:6      | Reached skill level 1 in Armour
  4662 | D:6      | Found Dykotof's Magic Scroll Emporium.
  4667 | D:6      | Bought a scroll of identify for 20 gold pieces
  4667 | D:6      | Bought a scroll of identify for 20 gold pieces
  4806 | D:6      | Identified a scroll of acquirement
  4807 | D:6      | Acquired a +2 pair of boots of flying
  4888 | Temple   | Entered the Ecumenical Temple
  4888 | Temple   | Found a transporter.
  4888 | Temple   | Found a transporter.
  4890 | Temple   | Found a transporter.
  4890 | Temple   | Found a transporter.
  4911 | Temple   | Became a worshipper of Makhleb the Destroyer
  5060 | D:6      | Noticed Eustachio
  5080 | D:6      | Killed Eustachio
  5264 | D:7      | Got the Essays on the Throng and Arcane Weapons
  5416 | D:7      | Noticed Joseph
  5436 | D:7      | Killed Joseph
  5437 | D:7      | Reached XP level 9. HP: 62/69 MP: 5/9
  5739 | D:7      | Found Debruiq's Jewellery Emporium.
  5999 | D:8      | Killed from afar by an orc priest

Illustrated notes

Levels and vault maps discovered:
D:1:      shiori_arrival_oz, layout_rooms,
          dreamdust_ecumenical_altar_drowned_temple
D:2:      layout_loops_ring, minmay_hexomino_f4
D:3:      layout_basic, serial_shops, nicolae_shop_statue_plus,
          gup_sewer_entry_bubbles, serial_bayou_pond_b
D:4:      layout_basic, roderic_batcave
D:5:      layout_basic, grunt_temple_overflow_open,
          minmay_temple_entry_from_below_a
D:6:      layout_rooms, serial_shops, nicolae_shop_waterfront, uniq_eustachio,
          uniq_grinder
D:7:      layout_loops_ring, serial_shops, nicolae_shop_advertising_works
          [nicolae_subvault_shop_adworks], uniq_joseph
D:8:      layout_loops_corners
Temple:   hellmonk_temple_divided_pantheon

Skill      XL: |  1  2  3  4  5  6  7  8  9 |
---------------+----------------------------+-----
Stealth        | 1 |  1.5
Fighting       | 3 4 6 |  6.0
Maces & Flails | 3 4 5 |  5.0
Throwing       | 3 4 |  4.0
Axes           | 4 5 6 |  6.6
Armour         | 4 |  4.0
Short Blades   | |  2.6
Dodging        | |  2.6

Action                     |  1- 3 |  4- 6 |  7- 9 || total
---------------------------+-------+-------+-------++-------
  Melee: Rapier            |    36 |       |       ||    36
         Mace              |    74 |    33 |       ||   107
         Touch             |     5 |    19 |    34 ||    58
         Punch             |       |     2 |     3 ||     5
         Whip              |       |   117 |     7 ||   124
         Broad axe         |       |       |   162 ||   162
  Throw: Dart              |       |     3 |       ||     3
    Use: Scroll            |     7 |     2 |    10 ||    19
         Potion            |       |       |     3 ||     3
   Stab: Sleeping          |     5 |     4 |     2 ||    11
         Distracted        |       |       |     1 ||     1
 Armour: Leather armour    |    36 |    17 |       ||    53
         Troll leather arm |       |    37 |    83 ||   120
  Dodge: Dodged            |    97 |    90 |   149 ||   336
  Block: Other             |       |    23 |    41 ||    64

Table legend: (Time is in decaauts)
 A = Elapsed time spent in this place.
 B = Non-inter-level travel time spent in this place.
 C = Inter-level travel time spent in this place.
 D = Time resting spent in this place.
 E = Time spent auto-exploring this place.
 F = Levels seen in this place.
 G = Mean time per level.
                   A        B        C        D        E       F      G
               +--------+--------+--------+--------+--------+-----+--------+
         Total |   6197 |   5956 |    241 |    291 |   4252 |  10 |  619.7 |
       Dungeon |   5806 |   5576 |    230 |    154 |   4105 |   8 |  725.8 |
        Temple |     59 |     48 |     11 |      0 |     16 |   1 |   59.0 |
         Sewer |    331 |    331 |      0 |    137 |    131 |   1 |  331.0 |
               +--------+--------+--------+--------+--------+-----+--------+

Top non-repeatable levels by time:
     D:3: 1108 daAuts
     D:4: 929 daAuts
     D:2: 804 daAuts
     D:1: 753 daAuts
     D:7: 691 daAuts
     D:6: 673 daAuts
     D:5: 656 daAuts
   Sewer: 331 daAuts
     D:8: 188 daAuts
  Temple: 59 daAuts
